 Dungeon Crawl Stone Soup version 0.25.1-2-g60ff931df9 (webtiles) character file.

Game seed: 11081938283907756809

640594 DildoBatman the Petrodigitator (level 27, -1/190 HPs)
             Began as a Formicid Wizard on Aug 29, 2020.
             Was an Initiate of Gozag.
             Killed from afar by a shadow dragon (51 damage)
             ... with a bolt of negative energy
             ... on level 12 of a ziggurat on Aug 30, 2020.
             The game lasted 05:17:35 (67598 turns).

DildoBatman the Petrodigitator (Formicid Wizard)   Turns: 67598, Time: 05:17:35

Health: -1/190     AC: 30    Str: 18    XL:     27
Magic:  2/42       EV: 19    Int: 33    God:    Gozag
Gold:   10300      SH: 20    Dex: 12    Spells: 0/56 levels left

rFire    . . .     SeeInvis +   a - staff of energy
rCold    + + .     Gourm    .   k - +7 kite shield of the Robin {MR+}
rNeg     . . .     Faith    .   o - +4 troll leather armour
rPois    .         Spirit   .   (helmet unavailable)
rElec    +         Reflect  .   p - +1 cloak {rC+}
rCorr    .         Harm     .   n - +2 pair of gloves {Dex+3}
MR       +++..                  A - +0 pair of boots {Fly}
Stlth    ++++......             r - amulet of Sunlight {rElec rC+ Regen+ Str+2}
HPRegen  1.21/turn              G - ring of Shadows {Umbra +Inv Stlth+}
MPRegen  0.28/turn              R - ring of Xom's Sleight of Hands {AC+4 Str+2 Int+4}

@: icy armour, flying, wreathed by umbra, studying Summonings, drained
A: permanent stasis, dig shafts and tunnels, four strong arms, antennae 3, claws
1, deterioration 1, no potion heal 1, MP-powered wands
}: 4/15 runes: decaying, serpentine, silver, golden
a: Dig, Shaft Self, Potion Petition, Call Merchant, Bribe Branch, Renounce
Religion, Evoke Invisibility, Stop Flying


You were on level 12 of a ziggurat.
You worshipped Gozag.
Gozag was extremely pleased with you.
You were very full.

You visited 10 branches of the dungeon, and saw 46 of its levels.
You visited 1 ziggurat, and saw 12 of its levels.
You also visited: Sewer, Ossuary and Ice Cave.

You collected 26849 gold pieces.
You spent 5153 gold pieces at shops.
You paid 11396 gold pieces to Gozag.

Inventory:

Hand Weapons
 b - the +6 Majin-Bo {vamp, Archmagi MP+6 Int+6}
   (You bought it in a shop on level 1 of the Elven Halls)

   It inflicts no extra harm, but heals its wielder when it wounds a living foe.
   It affects your intelligence (+6).
   It affects your magic capacity (+6).
 d - the +10 lajatang of the Illusory Souls {distort, +Fly rPois Int+2}
   (You took it off a spriggan druid on level 2 of the Swamp)

   It warps and distorts space around it.
   Unwielding it can cause banishment or high damage.
   It affects your intelligence (+2).
   It protects you from poison.
   It lets you fly.
 e - the +6 trident "Wamoetew" {flame, rC+ Dex+8 Stlth-}
   (You found it on level 11 of a ziggurat)

   It has been specially enchanted to burn those struck by it, causing extra
   injury to most foes and up to half again as much damage against particularly
   susceptible opponents.
   It affects your dexterity (+8).
   It protects you from cold.
   It makes you less stealthy.
 f - the +1 halberd of the Twisting Pariah {vorpal, rF++ rC+}
   (You found it on level 5 of the Vaults)

   It inflicts extra damage upon your enemies.
   It greatly protects you from fire.
   It protects you from cold.
Missiles
 q - 1916 arrows
 y - 1874 bolts
 K - 2 throwing nets (quivered)
Armour
 k - the +7 kite shield of the Robin (worn) {MR+}
   (You found it on level 3 of the Crypt)

   It affects your resistance to hostile enchantments.
 n - a +2 pair of gloves of dexterity (worn)
 o - a +4 troll leather armour (worn)
 p - a +1 cloak of cold resistance (worn)
 A - a +0 pair of boots of flying (worn)
Magical Staves
 a - an uncursed staff of energy (weapon)
Jewellery
 r - the amulet of Sunlight (around neck) {rElec rC+ Regen+ Str+2}
   (You took it off an ironheart preserver on level 5 of the Vaults)

   [amulet of regeneration]

   It affects your strength (+2).
   It protects you from cold.
   It insulates you from electricity.
   It increases your rate of regeneration.
 E - a +4 ring of protection
 G - the ring of Shadows (left hand) {Umbra +Inv Stlth+}
   (You took it off a vault sentinel on level 5 of the Vaults)

   [ring of stealth]

   It lets you turn invisible.
   It makes you more stealthy.
 H - the ring of the Burgomaster {*Contam rF+++ rN+ Dex-5 SInv}
   (You took it off a skeletal warrior on level 3 of the Crypt)

   [ring of positive energy]

   It affects your dexterity (-5).
   It renders you almost immune to fire.
   It protects you from negative energy.
   It lets you see invisible.
   It causes magical contamination when unequipped.
 R - the ring of Xom's Sleight of Hands (right hand) {AC+4 Str+2 Int+4}
   (You bought it in a shop on level 15 of the Dungeon)

   [ring of protection]

   It affects your AC (+4).
   It affects your strength (+2).
   It affects your intelligence (+4).
Wands
 I - a wand of acid (23)
 M - a wand of iceblast (53)
 T - a wand of clouds (25)
 X - a wand of disintegration (91)
Scrolls
 c - 6 scrolls of enchant armour
 m - 14 scrolls of amnesia
 s - 4 scrolls of immolation
 x - 11 scrolls of remove curse
 z - 25 scrolls of identify
 F - 3 scrolls of torment
 J - a scroll of holy word
 O - 4 scrolls of summoning
 Y - 6 scrolls of fog
Potions
 g - 2 potions of resistance
 h - a potion of magic
 i - 5 potions of invisibility
 j - 31 potions of curing
 l - 10 potions of brilliance
 u - 16 potions of might
 B - a potion of cancellation
 D - 3 potions of ambrosia
 L - 9 potions of heal wounds
Books
 Q - a manual of Summonings
Miscellaneous
 t - 5 boxes of beasts
 w - a lightning rod (4/4)
 N - 5 phantom mirrors
 P - a tin of tremorstones (3/3)
 S - a tin of tremorstones (3/3)
 U - a tin of tremorstones (3/3)
 V - a phial of floods
 W - a tin of tremorstones (3/3)
 Z - a tin of tremorstones (3/3)
Comestibles
 v - 37 rations


   Skills:
 - Level 10.0(9.0) Fighting
 - Level 10.0(9.1) Armour
 - Level 14.8(13.7) Dodging
 * Level 4.0(3.2) Stealth
 - Level 15.0(14.0) Shields
 - Level 15.0(13.9) Spellcasting
 - Level 6.0(5.1) Conjurations
 - Level 6.0(5.1) Charms
 - Level 8.0(7.1) Summonings
 - Level 19.0(17.8) Necromancy
 - Level 0.8(0.1) Translocations
 - Level 19.0(17.8) Transmutations
 - Level 5.0(4.1) Fire Magic
 - Level 6.0(5.1) Ice Magic
 * Level 14.3(13.3) Air Magic
 O Level 27(25.6) Earth Magic
 - Level 12.0(11.0) Evocations


You couldn't memorise any spells.
You knew the following spells:

 Your Spells              Type           Power        Failure   Level  Hunger
a - Borgnjor's Vile Clut  Necr/Erth      ########..   0%          5    None
b - Shatter               Erth           ########..   6%          9    None
c - Tornado               Air            #######...   100%        9    None
d - Necromutation         Tmut/Necr      #######...   10%         8    None
e - Bolt of Magma         Conj/Fire/Erth #######...   1%          5    None
f - Shroud of Golubria    Chrm/Tloc      #####.       1%          2    None
g - Ozocubu's Armour      Chrm/Ice       ######..     1%          3    None
h - Dispel Undead         Necr           #######.     0%          4    None
i - Aura of Abjuration    Summ           ######....   3%          5    None
j - Statue Form           Tmut/Erth      ########.    1%          6    None

Your spell library contained the following spells:

 Spells                   Type           Power        Failure   Level  Hunger
 Animate Skeleton         Necr           N/A          0%          1    None
 Beastly Appendage        Tmut           ######       0%          1    None
 Pain                     Necr           ####         0%          1    None
 Sandblast                Erth           ######       0%          1    None
 Corpse Rot               Necr/Air       N/A          0%          2    None
 Passwall                 Tmut/Erth      ########     0%          2    None
 Sticks to Snakes         Tmut           #######.     0%          2    None
 Sublimation of Blood     Necr           #######...   0%          2    None
 Stone Arrow              Conj/Erth      ######       0%          3    None
 Vampiric Draining        Necr           #######...   0%          3    None
 Animate Dead             Necr           N/A          0%          4    None
 Petrify                  Tmut/Erth      ########     0%          4    None
 Lee's Rapid Deconstruct  Erth           ########..   0%          5    None
 Apportation              Tloc           ###...       1%          1    None
 Freeze                   Ice            ####         1%          1    None
 Infusion                 Chrm           ####         1%          1    None
 Magic Dart               Conj           ####         1%          1    None
 Sting                    Tmut/Pois      ####         1%          1    None
 Summon Butterflies       Summ           ######..     1%          1    None
 Summon Small Mammal      Summ           ####         1%          1    None
 Call Imp                 Summ           ######..     1%          2    None
 Ensorcelled Hibernation  Hex/Ice        #####.       1%          2    None
 Poisonous Vapours        Pois/Air       ######       1%          2    None
 Song of Slaying          Chrm           ######..     1%          2    None
 Call Canine Familiar     Summ           ######..     1%          3    None
 Conjure Flame            Conj/Fire      ######..     1%          3    None
 Frozen Ramparts          Ice            ######       1%          3    None
 Ignite Poison            Fire/Tmut/Pois ######..     1%          3    None
 Mephitic Cloud           Conj/Pois/Air  ######..     1%          3    None
 Recall                   Summ/Tloc      N/A          1%          3    None
 Spider Form              Tmut/Pois      ######....   1%          3    None
 Summon Guardian Golem    Hex/Summ       #####...     1%          3    None
 Ice Form                 Ice/Tmut       #######.     1%          4    None
 Leda's Liquefaction      Hex/Erth       #######...   1%          4    None
 Summon Ice Beast         Ice/Summ       ######..     1%          4    None
 Summon Lightning Spire   Summ/Air       ######..     1%          4    None
 Agony                    Necr           #######.     1%          5    None
 Alistair's Intoxication  Tmut/Pois      ######..     1%          5    None
 Blade Hands              Tmut           #######...   1%          5    None
 Excruciating Wounds      Chrm/Necr      #######...   1%          5    None
 Irradiate                Conj/Tmut      #######...   1%          5    None
 Yara's Violent Unravell  Hex/Tmut       ######....   1%          5    None
 Death Channel            Necr           #######...   1%          6    None
 Hydra Form               Tmut           #######...   1%          6    None
 Iron Shot                Conj/Erth      #######...   1%          6    None
 Dragon Form              Tmut           #######...   1%          7    None
 Corona                   Hex            ###....      2%          1    None
 Dazzling Flash           Conj/Hex       #####.       2%          3    None
 Inner Flame              Hex/Fire       #####...     2%          3    None
 Spectral Weapon          Hex/Chrm       #####...     2%          3    None
 Hailstorm                Conj/Ice       ######..     2%          4    None
 Slow                     Hex            ###.....     3%          2    None
 Summon Demon             Summ           ######....   3%          5    None
 Simulacrum               Ice/Necr       #######...   3%          6    None
 Silence                  Hex/Air        ######....   4%          5    None
 Gell's Gravitas          Tloc           ###.......   6%          3    None
 Lesser Beckoning         Tloc           ###.......   6%          3    None
 Portal Projectile        Hex/Tloc       ###...       6%          3    None
 Teleport Other           Tloc           ###.....     6%          3    None
 Confusing Touch          Hex            ###.....     7%          3    None
 Tukima's Dance           Hex            ###.....     7%          3    None
 Fulminant Prism          Conj/Hex       #####.....   8%          4    None
 Iskenderun's Battlesphe  Conj/Chrm      ######..     8%          5    None
 Conjure Ball Lightning   Conj/Air       ######....   8%          6    None
 Fireball                 Conj/Fire      ######....   9%          5    None
 Eringya's Noxious Bog    Tmut/Pois      ######....   9%          6    None
 Borgnjor's Revivificati  Necr           #######...   10%         8    None
 Infestation              Necr           #######...   10%         8    None
 Haunt                    Necr/Summ      #######...   11%         7    None
 Summon Forest            Summ/Tloc      #####.....   14%         5    None
 Summon Mana Viper        Hex/Summ       #####...     14%         5    None
 Shadow Creatures         Summ           N/A          19%         6    None
 Cause Fear               Hex            ###.......   22%         4    None
 Olgreb's Toxic Radiance  Pois           ###.....     22%         4    None
 Metabolic Englaciation   Hex/Ice        #####.....   22%         5    None
 Starburst                Conj/Fire      ######....   43%         6    None
 Monstrous Menagerie      Summ           ######....   69%         7    None
 Summon Greater Demon     Summ           ######....   69%         7    None
 Summon Hydra             Summ           ######....   69%         7    None
 Death's Door             Chrm/Necr      #######...   77%         8    None
 Spellforged Servitor     Conj/Summ      ######....   83%         7    None
 Orb of Destruction       Conj           ######....   92%         7    None
 Ring of Flames           Chrm/Fire      ######....   95%         7    None
 Darkness                 Hex            ###.......   98%         6    None
 Invisibility             Hex            ###.....     98%         6    None
 Malign Gateway           Summ/Tloc      #####.....   99%         7    None
 Discord                  Hex            ###.......   100%        8    None
 Ignition                 Fire           ######....   100%        8    None
 Summon Horrible Things   Summ           ######....   100%        8    None
 Blink                    Tloc           Unusable     N/A         2    N/A
 Controlled Blink         Tloc           Unusable     N/A         8    N/A

Dungeon Overview and Level Annotations

Branches:
Dungeon (15/15)            Temple (1/1) D:6            Lair (6/6) D:10
  Swamp (4/4) Lair:2        Snake (4/4) Lair:3        Slime (0/5) Lair:5
    Orc (2/2) D:9             Elf (3/3) Orc:2        Vaults (5/5) D:13
  Crypt (3/3) Vaults:2       Tomb (3/3) Crypt:3      Depths (0/5) D:15
  Sewer (visited)         Ossuary (visited)           IceCv (visited)

Altars:
Ashenzari
Cheibriados
Dithmenos
Elyvilon
Fedhas
Gozag
Hepliaklqana
Kikubaaqudgha
Makhleb
Nemelex Xobeh
Okawaru
Qazlal
Ru
Sif Muna
Trog
Uskayaw
Vehumet
Wu Jian
Xom
Yredelemnul
Zin
The Shining One
Jiyva

Shops:
D:7 *   D:10 [   D:15 =?(   Orc:1 (   Orc:2 }:%%   Elf:1 ((:   Snake:2 ?
Snake:3 !   Vaults:3 (*([   Tomb:2 !   Tomb:3 =[*[=!

Portals:
Abyss: Swamp:2

Annotations:
Swamp:2 2 transporters


Innate Abilities, Weirdness & Mutations

You cannot be hasted, slowed, berserked, paralysed or teleported.
You can dig through walls and to a lower floor.
Your four strong arms can wield two-handed weapons with a shield.
You have a pair of large antennae on your head. (SInv)
You have sharp fingernails.
Your body sometimes deteriorates upon taking damage.
Potions are less effective at restoring your health.
You expend magic power (3 MP) to strengthen your wands.


Message History

Casting: Ozocubu's Armour (safe; 1% risk of failure)
Confirm with . or Enter, or press ? or * to list all spells.
Aiming: Borgnjor's Vile Clutch (safe; 0% risk of failure)
Press: ? - help, Shift-Dir - straight line, f/p - shadow dragon
Aim: a shadow dragon (moderately wounded, umbra)
You feel a surge of power!
Zombie hands grab the shadow dragon.
The zombie hands constrict the shadow dragon!
Nothing appears to happen.
You feel yourself come back to life.
The zombie hands constrict the shadow dragon!
The shadow dragon breathes negative energy at you.
The bolt of negative energy misses you.
Nothing appears to happen.
The zombie hands constrict the shadow dragon!
The shadow dragon breathes negative energy at you.
The bolt of negative energy hits you!!!
You feel drained.
You die...
Your body crumbles into a pile of gold.

▓▓▓▓▓.▓▓▓▓▓▓
...........▓▓▓
........t....▓▓
..............▓▓
.....L.t....$..▓▓
.##.....##.$....▓▓
.##.....##.$.....▓
...............$.▓
..............D$@▓▓
.............$.$$.▓
................$▓▓
.................▓
.##.....##.......▓
. #.....##......▓▓
..............▓▓
..............▓▓
.............▓▓


You could see a shadow dragon (catching breath, clutched).

Vanquished Creatures
  The ghost of Winsalot the Conqueror, a legendary GnFE of Gozag (Zig:11)
  The ghost of Peloso the Minotaur Barricade, a legendary MiFi of Okawaru (Zig:11)
  Mennas (Vaults:2)
  Khufu (Tomb:1)
  The ghost of DildoBatman the Petrodigitator, a legendary FoWz of Gozag (Zig:12)
  2 ancient liches
  26 greater mummies
  The ghost of DildoBatman the Petrodigitator, a legendary FoWz of Gozag (Zig:12)
  Frederick (Crypt:3)
  Bai Suzhen (Crypt:3)
  A curse toe (Crypt:3)
  2 golden dragons
  Nikola (Snake:4)
  A Brimstone Fiend (Zig:9)
  A pandemonium lord (Zig:9)
  8 liches
  3 tentacled monstrosities (Vaults:5)
  The ghost of Moagi the Spawn of Chaos, an adept GnSk of Makhleb (Vaults:2)
  2 Ice Fiends
  3 deep elf blademasters
  Rupert (Snake:1)
  5 titans (Vaults:5)
  Asterion (Vaults:4)
  2 acid blobs (Zig:8)
  The ghost of Yvvuxef the Blocker, an adept FoFi of Jiyva (Swamp:2)
  The ghost of Quakomam the Blocker, an adept FoFi of Jiyva (Swamp:3)
  A quicksilver dragon (Vaults:5)
  2 deep elf master archers (Elf:3)
  A tentacled starspawn (Swamp:2)
  Frances (Snake:2)
  3 Executioners
  Agnes (D:15)
  12 sphinxes
  4 shadow dragons (Vaults:5)
  12 ancient champions
  A storm dragon (Vaults:5)
  2 thorn hunters
  9 tengu reavers
  Roxanne (Swamp:2)
  10 revenants
  10 nagarajas
  9 fire giants
  A draconian knight (Zig:4)
  2 azure jellies (Zig:8)
  6 deep elf sorcerers
  An orc warlord (D:8)
  Aizul (Snake:4)
  Louise (Swamp:2)
  A cacodemon (Swamp:2)
  25 vault wardens
  A juggernaut zombie (Zig:7)
  5 curse skulls
  3 frost giants
  5 very ugly things
  20 ironheart preservers
  10 ghouls
  9 stone giants
  5 deep elf elementalists
  5 war gargoyles
  4 bennus (Tomb:2)
  3 vampire knights
  3 blood saints (Zig:9)
  9 deep elf demonologists
  11 deep elf annihilators
  Azrael (Snake:2)
  3 black suns
  7 deep elf death magi
  4 eidola
  31 mummy priests
  A blizzard demon (Zig:9)
  A crystal guardian (Vaults:4)
  7 ettins
  A green death (Zig:9)
  4 jiangshi (Crypt:1)
  A quicksilver dragon zombie (Tomb:2)
  14 yaktaur captains
  A great orb of eyes (Vaults:2)
  4 deep elf high priests
  Erolcha (D:9)
  3 fire dragons
  3 rakshasas
  37 vault guards
  6 ghost crabs
  3 ice dragons
  31 hydras
  2 hell beasts (Zig:9)
  4 shambling mangroves
  14 centaur warriors
  21 naga warriors
  2 catoblepae (Lair:6)
  2 deep troll shamans (Vaults:4)
  12 anacondas
  21 two-headed ogres
  10 death knights
  6 ogre magi
  6 deep troll earth magi
  4 vampire magi
  A hell hog (Swamp:2)
  25 alligators
  6 orc high priests
  45 death scarabs
  3 shock serpents
  A thrashing horror (Swamp:2)
  A tengu warrior (D:15)
  4 naga sharpshooters
  A titan zombie (Zig:7)
  Sonja (D:10)
  10 soul eaters
  14 deep elf knights
  48 skeletal warriors
  A fire crab (shapeshifter) (Vaults:1)
  A storm dragon zombie (Crypt:1)
  A golden dragon zombie (Zig:7)
  3 shadow wraiths
  A titan skeleton (Tomb:3)
  A storm dragon skeleton (Crypt:3)
  A hell knight (Vaults:5)
  A sea snake (shapeshifter) (Vaults:5)
  3 wizards
  3 salamander mystics
  14 deep trolls
  4 unseen horrors
  17 deep elf archers
  A deep troll (shapeshifter) (D:15)
  An unseen horror (shapeshifter) (Elf:1)
  A glowing orange brain (Vaults:4)
  2 obsidian statues (Zig:3)
  4 flayed ghosts
  15 swamp dragons
  9 phantasmal warriors
  4 spriggan druids
  4 necromancers
  8 naga ritualists
  9 orc knights
  13 ironbrand convokers
  An iron giant skeleton (Crypt:2)
  A death drake (Zig:10)
  6 wolf spiders
  3 oklob plants
  A shining eye (Zig:8)
  An iron dragon zombie (Tomb:3)
  14 mana vipers
  18 ugly things
  67 deep elf magi
  7 orc sorcerers
  A manticore (shapeshifter) (Zig:3)
  8 cyclopes
  2 manticores
  A draconian (D:1)
  7 salamanders
  A salamander (shapeshifter) (Vaults:4)
  A frost giant zombie (Vaults:4)
  A worldbinder (Swamp:2)
  An octopode (D:1)
  A human skeleton (Vaults:4)
  An eye of devastation (Zig:8)
  16 naga magi
  A water nymph (shapeshifter) (Vaults:1)
  A rust devil (Zig:7)
  A spiny frog (shapeshifter) (Vaults:1)
  A fire giant skeleton (Crypt:1)
  7 elephants (Lair:6)
  44 black mambas
  A stone giant skeleton (Tomb:2)
  14 vault sentinels
  6 gargoyles
  16 guardian serpents
  15 spiny frogs
  A dire elephant skeleton (Crypt:1)
  4 ice statues
  4 rime drakes
  A yaktaur zombie (Vaults:5)
  An efreet (D:15)
  13 freezing wraiths
  2 rime drakes (shapeshifter)
  55 yaktaurs
  4 komodo dragons
  2 kobold demonologists (D:14)
  2 vine stalkers (D:1)
  A queen bee (Lair:1)
  A queen ant zombie (Crypt:2)
  52 guardian mummies
  An ice devil (Zig:4)
  A white draconian skeleton (Crypt:3)
  2 meliai (shapeshifter)
  A queen bee (shapeshifter) (Vaults:2)
  A merfolk (shapeshifter) (Vaults:5)
  2 hydra zombies
  23 polar bears
  A jumping spider (shapeshifter) (Vaults:3)
  3 trolls
  20 hornets
  11 tyrant leeches
  Grinder (D:4)
  An ettin zombie (Vaults:4)
  3 hydra skeletons
  14 blink frogs
  11 hippogriffs
  39 slime creatures
  3 raiju (Lair:6)
  13 bog bodies
  A snapping turtle (shapeshifter) (Vaults:5)
  3 spriggan zombies (Zig:7)
  A fire dragon zombie (Tomb:2)
  A flying skull (Crypt:3)
  A fire dragon skeleton (Tomb:3)
  6 spriggans
  A shadow (D:15)
  Sigmund (D:3)
  2 vampires
  2 humans
  12 wraiths
  A centaur simulacrum (D:14)
  19 ushabtiu
  51 yaks
  3 water elementals
  A golden eye (shapeshifter) (Vaults:4)
  23 vampire mosquitoes
  2 wyverns
  4 basilisks
  3 fire elementals
  A neqoxec (Zig:9)
  A tengu zombie (D:13)
  9 wargs
  A chaos spawn (Zig:3)
  4 steam dragons (Lair:6)
  Menkaure (D:4)
  17 swamp worms
  Edmund (D:4)
  16 insubstantial wisps
  48 nagas
  14 water moccasins
  A merfolk zombie (Crypt:2)
  2 soldier ants
  20 hell hounds
  10 porcupines
  A floating eye (shapeshifter) (Vaults:5)
  A floating eye (Zig:8)
  18 swamp drakes
  A sky beast (D:5)
  A torturous demonspawn skeleton (Crypt:1)
  4 ice beasts
  An ice beast (shapeshifter) (D:15)
  A spiny frog skeleton (Crypt:1)
  13 black bears
  A merfolk skeleton (Crypt:1)
  2 hornet zombies (D:13)
  5 necrophages
  29 orc warriors
  A dwarf (D:1)
  2 ettin simulacra
  4 eyes of draining
  31 wolves
  6 boggarts
  3 phantoms
  A blink frog skeleton (Lair:1)
  A wolf (shapeshifter) (D:15)
  An orc skeleton (Orc:1)
  4 rime drake zombies (IceCv)
  10 crocodiles
  An elephant skeleton (Lair:1)
  2 felids (D:1)
  20 ogres
  23 centaurs
  An elf skeleton (D:14)
  5 rime drake skeletons
  A hog skeleton (Crypt:1)
  3 human zombies (Vaults:4)
  2 salamander zombies (Crypt:1)
  2 big kobolds
  9 bullfrogs
  A glowing shapeshifter simulacrum (Vaults:4)
  3 komodo dragon skeletons (Lair:1)
  2 hippogriff skeletons
  3 water moccasin zombies
  2 wyvern zombies
  2 earth elementals
  2 scorpions
  2 water moccasin skeletons
  A yak zombie (IceCv)
  21 killer bees
  4 polar bear zombies (IceCv)
  A snapping turtle simulacrum (Tomb:3)
  18 wights
  2 electric eels
  3 howler monkeys
  A troll skeleton (D:13)
  3 yak skeletons
  6 lava snakes (Snake:1)
  4 centaur zombies
  4 crimson imps
  18 jellies
  2 quasits
  A wolf skeleton (Crypt:2)
  2 bullfrog zombies
  35 orc wizards
  A basilisk zombie (D:13)
  A gnoll shaman (D:4)
  39 orc priests
  3 iron imps (Zig:7)
  2 bullfrog skeletons
  9 centaur skeletons
  5 hounds
  Ijyb (D:2)
  7 iguanas
  9 worker ants
  A deep dwarf zombie (Crypt:2)
  2 acid dragon skeletons
  2 demigod skeletons
  44 mummies
  A hound skeleton (D:9)
  3 worker ant zombies
  A howler monkey zombie (D:9)
  14 adders
  13 gnolls
  2 river rats (D:3)
  2 gnoll skeletons
  2 shadow imps
  5 oozes
  6 adder zombies (Ossuary)
  2 gnoll zombies
  An iguana zombie (Crypt:3)
  3 adder skeletons
  A lava snake skeleton (Crypt:1)
  A worm (D:5)
  A barachi skeleton (Crypt:3)
  2 dart slugs
  6 leopard geckos
  91 orcs
  4 giant cockroaches
  5 goblins
  6 hobgoblins
  13 jackals
  10 quokkas
  8 ball pythons
  9 bats
  6 frilled lizards
  A frilled lizard zombie (D:14)
  2 goblin skeletons
  A goblin zombie (Crypt:3)
  6 hobgoblin zombies (Ossuary)
  A jackal skeleton (Crypt:2)
  28 kobolds
  6 kobold zombies (Ossuary)
  A leopard gecko skeleton (D:4)
  6 orc zombies (Ossuary)
  13 rats
  A rat skeleton (D:9)
  3 fungi
  2 plants (Lair:6)
2444 creatures vanquished.

Vanquished Creatures (collateral kills)
  5 killer bees (Lair:1)
  An orc (D:10)
6 creatures vanquished.

Vanquished Creatures (others)
  An eldritch tentacle (Zig:9)
  A black sun (Zig:11)
  2 eidola (Zig:11)
  An anaconda (Snake:4)
  23 dancing weapons
  2 naga sharpshooters (Snake:4)
  A soul eater (Zig:11)
  A slime creature (Swamp:3)
  A spriggan (Swamp:3)
  A ynoxinul (Zig:9)
  A water elemental (Elf:1)
  A naga (Snake:4)
  A boggart (D:15)
  A killer bee (Lair:1)
  2 lava snakes (Snake:1)
  A bush (Lair:6)
  2 fungi (Lair:6)
  A lurking horror (Swamp:2)
  10 plants
  2 starspawn tentacles (Swamp:2)
56 creatures vanquished.

Grand Total: 2506 creatures vanquished

Notes
Turn   | Place    | Note
-------+----------+-------------------------------------------
     0 | D:1      | DildoBatman the Formicid Wizard began the quest for the
                  | Orb.
     0 | D:1      | Reached XP level 1. HP: 13/13 MP: 4/4
     0 | D:1      | Noticed a gargoyle
     0 | D:1      | Noticed a dwarf
     1 | D:1      | Noticed a vine stalker
     3 | D:1      | Noticed a gargoyle
     4 | D:1      | Noticed a gargoyle
     7 | D:1      | Noticed a felid
    23 | D:1      | Noticed a human
    23 | D:1      | Noticed a centaur
    25 | D:1      | Noticed a ghoul
    25 | D:1      | Noticed a draconian
    27 | D:1      | Noticed a naga
    29 | D:1      | Noticed a ghoul
    29 | D:1      | Noticed an octopode
    31 | D:1      | Noticed an ogre
    31 | D:1      | Noticed a felid
    33 | D:1      | Noticed a vine stalker
    49 | D:1      | Reached skill level 1 in Conjurations
   463 | D:1      | Reached XP level 2. HP: 19/19 MP: 4/6
  1231 | D:2      | Reached XP level 3. HP: 24/24 MP: 3/7
  1236 | D:2      | Learned a level 3 spell: Conjure Flame
  1240 | D:2      | Learned a level 3 spell: Mephitic Cloud
  1773 | D:2      | Noticed an ogre
  2074 | D:2      | Found a blossoming altar of Fedhas.
  2135 | D:3      | Found a glowing drain.
  2459 | D:3      | Reached XP level 4. HP: 20/30 MP: 5/8
  2464 | Sewer    | Entered a sewer
  3414 | D:3      | Reached XP level 5. HP: 35/35 MP: 2/9
  3630 | D:3      | Noticed Ijyb
  4370 | D:4      | Reached XP level 6. HP: 41/41 MP: 6/10
  4402 | D:4      | Reached skill level 1 in Fire Magic
  4402 | D:4      | Reached skill level 1 in Air Magic
  4605 | D:4      | Found a white marble altar of Elyvilon.
  4632 | D:4      | Reached skill level 5 in Conjurations
  4656 | D:4      | Noticed Sigmund
  4683 | D:4      | Found a sand-covered staircase.
  4767 | Ossuary  | Entered an ossuary
  4824 | Ossuary  | Reached XP level 7. HP: 25/46 MP: 4/11
  5224 | D:4      | Noticed Menkaure
  5429 | D:4      | Found a glowing golden altar of the Shining One.
  6261 | D:5      | Entered Level 5 of the Dungeon
  6640 | D:5      | Reached XP level 8. HP: 32/52 MP: 0/12
  6927 | D:5      | Noticed Edmund
  7073 | D:5      | Got a brightly glowing hunting sling
  7083 | D:5      | Identified the cursed +2 hunting sling of Fate {flame, MR+
                  | Int+4} (You found it on level 5 of the Dungeon)
  7532 | D:5      | Noticed Grinder
  7784 | D:5      | Reached skill level 5 in Fire Magic
  8163 | D:5      | Found a glowing silver altar of Zin.
  8379 | D:6      | Reached skill level 1 in Fighting
  8438 | D:6      | Noticed a cyclops
  8516 | D:6      | Reached skill level 1 in Armour
  8516 | D:6      | Reached XP level 9. HP: 59/59 MP: 9/13
  8631 | D:6      | Found a staircase to the Ecumenical Temple.
  8639 | Temple   | Entered the Ecumenical Temple
  8765 | Temple   | Became a worshipper of Kikubaaqudgha
  9004 | D:6      | Found a hide-covered altar of Uskayaw.
  9036 | D:6      | Found a burning altar of Makhleb.
  9038 | D:6      | Found a hazy altar of Hepliaklqana.
  9040 | D:6      | Found a radiant altar of Vehumet.
  9041 | D:6      | Found a shimmering altar of Xom.
  9041 | D:6      | Found a stormy altar of Qazlal.
  9045 | D:6      | Found an ornate altar of the Wu Jian Council.
  9082 | D:6      | Found a sparkling altar of Nemelex Xobeh.
  9083 | D:6      | Found an opulent altar of Gozag.
  9322 | D:6      | Found a sacrificial altar of Ru.
  9714 | D:4      | Killed Grinder
  9714 | D:4      | Reached skill level 5 in Air Magic
  9822 | D:4      | Killed Menkaure
  9918 | D:4      | Killed Edmund
 10119 | D:3      | Killed Sigmund
 10212 | D:2      | Killed Ijyb
 10497 | D:7      | Noticed a hippogriff
 10507 | D:7      | Killed a hippogriff
 10562 | D:7      | Reached * piety under Kikubaaqudgha
 10562 | D:7      | Identified Kikubaaqudgha's Volume of Unholy Rites
                  | (Kikubaaqudgha gifted it to you on level 7 of the Dungeon)
 10562 | D:7      | Received a gift from Kikubaaqudgha
 10622 | D:7      | Found Xiudonuf's Assorted Antiques.
 10630 | D:7      | Bought a scroll labeled MIWNULL PIOTYO for 27 gold pieces
 10630 | D:7      | Bought a lumpy amethyst potion for 24 gold pieces
 10630 | D:7      | Bought a scroll labeled KOEGGO VAIFEJ for 27 gold pieces
 10783 | D:7      | Reached XP level 10. HP: 49/73 MP: 5/14
 10785 | D:7      | Reached skill level 5 in Fighting
 11410 | D:7      | Reached skill level 5 in Armour
 11410 | D:7      | Reached skill level 1 in Necromancy
 11468 | D:8      | Learned a level 3 spell: Vampiric Draining
 11471 | D:8      | Learned a level 2 spell: Sublimation of Blood
 12207 | D:8      | Reached skill level 5 in Dodging
 12266 | D:8      | Reached ** piety under Kikubaaqudgha
 12727 | D:9      | Noticed Erolcha
 13099 | D:9      | Found a staircase to the Orcish Mines.
 13112 | D:9      | Gained mutation: Your body sometimes deteriorates upon
                  | taking damage. [potion of mutation]
 13112 | D:9      | Gained mutation: You expend magic power (3 MP) to
                  | strengthen your wands. [potion of mutation]
 13113 | D:9      | Lost mutation: Your body sometimes deteriorates upon taking
                  | damage. [potion of mutation]
 13113 | D:9      | Lost mutation: You expend magic power (3 MP) to strengthen
                  | your wands. [potion of mutation]
 13113 | D:9      | Gained mutation: Your system is resistant to poisons.
                  | (rPois) [potion of mutation]
 13113 | D:9      | Gained mutation: You are partially covered in molten
                  | scales. (AC +2) [potion of mutation]
 13113 | D:9      | Gained mutation: Scrolls take you a little longer to read.
                  | [potion of mutation]
 13113 | D:9      | Gained mutation: Your flesh is cold resistant. (rC+)
                  | [potion of mutation]
 13175 | D:9      | Lost mutation: Your system is resistant to poisons. (rPois)
                  | [potion of mutation]
 13175 | D:9      | Lost mutation: Scrolls take you a little longer to read.
                  | [potion of mutation]
 13175 | D:9      | Lost mutation: You are partially covered in molten scales.
                  | (AC +2) [potion of mutation]
 13175 | D:9      | Lost mutation: Your flesh is cold resistant. (rC+) [potion
                  | of mutation]
 13175 | D:9      | Gained mutation: Scrolls take you a little longer to read.
                  | [potion of mutation]
 13175 | D:9      | Gained mutation: Your body sometimes deteriorates upon
                  | taking damage. [potion of mutation]
 13175 | D:9      | Gained mutation: Your system is resistant to poisons.
                  | (rPois) [potion of mutation]
 13176 | D:9      | Lost mutation: Your system is resistant to poisons. (rPois)
                  | [potion of mutation]
 13176 | D:9      | Lost mutation: Scrolls take you a little longer to read.
                  | [potion of mutation]
 13176 | D:9      | Gained mutation: Your mind is acute. (Int +2) [potion of
                  | mutation]
 13176 | D:9      | Gained mutation: Your magical capacity is low. (-10% MP)
                  | [potion of mutation]
 13176 | D:9      | Gained mutation: Your mind is very acute. (Int +4) [potion
                  | of mutation]
 13177 | D:9      | Lost mutation: Your body sometimes deteriorates upon taking
                  | damage. [potion of mutation]
 13177 | D:9      | Lost mutation: Your mind is very acute. (Int +4) [potion of
                  | mutation]
 13177 | D:9      | Lost mutation: Your magical capacity is low. (-10% MP)
                  | [potion of mutation]
 13177 | D:9      | Gained mutation: You are somewhat resistant to further
                  | mutation. [potion of mutation]
 13177 | D:9      | Gained mutation: You expend magic power (3 MP) to
                  | strengthen your wands. [potion of mutation]
 13507 | D:9      | Killed Erolcha
 13507 | D:9      | Reached skill level 5 in Spellcasting
 13507 | D:9      | Reached XP level 11. HP: 83/83 MP: 12/18
 13532 | D:9      | Got a smoking falchion
 13682 | D:9      | Identified the +5 falchion of Quick Death {elec, rC+ Str+5}
                  | (You found it on level 9 of the Dungeon)
 13707 | D:10     | Entered Level 10 of the Dungeon
 13719 | D:10     | Reached *** piety under Kikubaaqudgha
 13719 | D:10     | Identified Kikubaaqudgha's Papyrus of Evil Magic
                  | (Kikubaaqudgha gifted it to you on level 10 of the Dungeon)
 13719 | D:10     | Received a gift from Kikubaaqudgha
 13770 | D:9      | Learned a level 4 spell: Dispel Undead
 13776 | D:9      | Learned a level 5 spell: Borgnjor's Vile Clutch
 13848 | D:10     | Reached skill level 1 in Earth Magic
 13868 | D:10     | Reached skill level 2 in Earth Magic
 13997 | D:10     | Noticed Sonja
 14023 | D:10     | Killed Sonja
 14023 | D:10     | Reached skill level 5 in Necromancy
 14023 | D:10     | Reached skill level 3 in Earth Magic
 14180 | D:10     | Found a staircase to the Lair.
 14317 | D:10     | Reached skill level 4 in Earth Magic
 14381 | D:10     | Found Uwkus's Antique Armour Shoppe.
 14525 | Orc:1    | Entered Level 1 of the Orcish Mines
 14688 | Orc:1    | Noticed an orc knight
 15077 | Orc:1    | Noticed an orc sorcerer
 15302 | Orc:1    | Killed an orc knight
 15302 | Orc:1    | Reached skill level 5 in Earth Magic
 15330 | Orc:1    | Noticed an orc knight
 15352 | Orc:1    | Killed an orc knight
 15555 | Orc:1    | Reached **** piety under Kikubaaqudgha
 15597 | Orc:1    | Reached skill level 6 in Earth Magic
 15624 | Orc:1    | Noticed an orc high priest
 15639 | Orc:1    | Killed an orc high priest
 15694 | Orc:1    | Killed an orc sorcerer
 15694 | Orc:1    | Reached XP level 12. HP: 91/91 MP: 6/20
 15915 | Orc:1    | Found Xocaret's Antique Weapon Shoppe.
 16041 | Orc:1    | Noticed an orc warlord
 16524 | Orc:1    | Reached skill level 7 in Earth Magic
 16805 | Orc:2    | Entered Level 2 of the Orcish Mines
 16805 | Orc:2    | Found a burning altar of Makhleb.
 16808 | Orc:2    | Noticed a two-headed ogre
 16820 | Orc:1    | Killed a two-headed ogre
 16839 | Orc:2    | Found a staircase to the Elven Halls.
 16849 | Orc:2    | Noticed an ettin
 16856 | Orc:2    | Killed an ettin
 16856 | Orc:2    | Reached skill level 8 in Earth Magic
 17454 | Orc:2    | Noticed an orc high priest
 17454 | Orc:2    | Noticed an orc high priest
 17454 | Orc:2    | Noticed an orc high priest
 17456 | Orc:2    | Noticed a soul eater
 17581 | Orc:2    | Killed an orc high priest
 17628 | Orc:2    | Reached skill level 9 in Earth Magic
 17984 | Orc:2    | Killed an orc high priest
 18077 | Orc:2    | Reached ***** piety under Kikubaaqudgha
 18280 | Orc:2    | Reached XP level 13. HP: 87/96 MP: 10/23
 18380 | Orc:2    | Found Imueg's Food Emporium.
 18380 | Orc:2    | Found Nuryf's Gadget Emporium.
 18383 | Orc:2    | Found Irihir's Food Boutique.
 18383 | Orc:2    | Found Vocviffu's Book Boutique.
 18720 | D:8      | Killed an orc warlord
 19094 | D:11     | Reached skill level 5 in Shields
 20719 | D:12     | You fall into a shaft and drop 2 floors!
 20851 | D:13     | Noticed a four-headed hydra
 20858 | D:13     | Killed a four-headed hydra
 21141 | D:13     | Reached XP level 14. HP: 78/106 MP: 18/24
 21376 | D:13     | Reached ****** piety under Kikubaaqudgha
 21377 | D:13     | Received a gift from Kikubaaqudgha
 21380 | D:13     | Fell from the grace of Kikubaaqudgha
 21522 | D:6      | Became a worshipper of Gozag Ym Sagoz the Greedy
 21914 | D:14     | Reached skill level 10 in Fighting
 21947 | D:14     | Reached skill level 10 in Armour
 23033 | D:13     | Reached skill level 10 in Spellcasting
 23037 | D:13     | Found a gate to the Vaults.
 23611 | Orc:1    | Bought an ancient morningstar for 270 gold pieces
 23743 | D:10     | Identified the +3 morningstar of Sloth {vamp, rF+ rC+} (You
                  | bought it in a shop on level 1 of the Orcish Mines)
 23747 | D:10     | Lost mutation: You are somewhat resistant to further
                  | mutation. [potion of mutation]
 23747 | D:10     | Lost mutation: You expend magic power (3 MP) to strengthen
                  | your wands. [potion of mutation]
 23747 | D:10     | Gained mutation: You are frail. (-10% HP) [potion of
                  | mutation]
 23747 | D:10     | Gained mutation: Your natural rate of healing is unusually
                  | fast. [potion of mutation]
 23748 | D:10     | Lost mutation: Your mind is acute. (Int +2) [potion of
                  | mutation]
 23748 | D:10     | Lost mutation: You are frail. (-10% HP) [potion of
                  | mutation]
 23748 | D:10     | Lost mutation: Your natural rate of healing is unusually
                  | fast. [potion of mutation]
 23748 | D:10     | Gained mutation: You expend magic power (3 MP) to
                  | strengthen your wands. [potion of mutation]
 23748 | D:10     | Gained mutation: You are partially covered in molten
                  | scales. (AC +2) [potion of mutation]
 23759 | Lair:1   | Entered Level 1 of the Lair of Beasts
 24310 | Lair:1   | Got a smoking short sword
 24973 | Lair:2   | Identified the cursed +0 short sword of Kismet {drain,
                  | Str+2 Dex+4} (You found it on level 1 of the Lair of
                  | Beasts)
 25020 | Lair:2   | Reached XP level 15. HP: 115/115 MP: 28/30
 25104 | Lair:2   | Found a frozen archway.
 25120 | IceCv    | Entered an ice cave
 25339 | IceCv    | Lost mutation: You expend magic power (3 MP) to strengthen
                  | your wands. [potion of mutation]
 25339 | IceCv    | Lost mutation: You are partially covered in molten scales.
                  | (AC +2) [potion of mutation]
 25339 | IceCv    | Gained mutation: Scrolls take you a little longer to read.
                  | [potion of mutation]
 25339 | IceCv    | Gained mutation: You are agile. (Dex +2) [potion of
                  | mutation]
 25340 | IceCv    | Lost mutation: Scrolls take you a little longer to read.
                  | [potion of mutation]
 25340 | IceCv    | Lost mutation: You are agile. (Dex +2) [potion of mutation]
 25340 | IceCv    | Gained mutation: Your mind is acute. (Int +2) [potion of
                  | mutation]
 25340 | IceCv    | Gained mutation: You passively map a small area around you.
                  | [potion of mutation]
 25601 | IceCv    | Noticed a frost giant
 25646 | IceCv    | Killed a frost giant
 25839 | IceCv    | Got a faintly glowing great mace
 25887 | IceCv    | Was forgiven by Kikubaaqudgha
 26119 | IceCv    | Identified the +4 great mace of Kexkipt {pain, *Contam rN+
                  | Int+4} (You found it in an ice cave)
 26138 | Lair:2   | Gained mutation: Scrolls take you a little longer to read.
                  | [mutagenic glow]
 26693 | Lair:2   | Found a staircase to the Swamp.
 27248 | Lair:3   | Found a staircase to the Snake Pit.
 27285 | Lair:3   | Got a transparent ring mail
 27816 | Lair:3   | Identified the +5 ring mail "Osuoblus" {Regen+ Stlth+} (You
                  | found it on level 3 of the Lair of Beasts)
 28005 | Lair:4   | Found an ornate altar of the Wu Jian Council.
 28430 | Lair:4   | Got a crude short sword
 28734 | Lair:4   | Identified the cursed +1 short sword "Tormentor" {protect,
                  | Str+2} (You found it on level 4 of the Lair of Beasts)
 28774 | Lair:5   | Found a staircase to the Slime Pits.
 29532 | Lair:6   | Entered Level 6 of the Lair of Beasts
 29887 | Lair:6   | Reached XP level 16. HP: 120/122 MP: 15/34
 29898 | Lair:6   | Reached skill level 15 in Spellcasting
 30503 | Lair:6   | Reached skill level 10 in Earth Magic
 30968 | Lair:6   | Reached skill level 10 in Necromancy
 31326 | D:15     | Entered Level 15 of the Dungeon
 31424 | D:15     | Found a viscous altar of Jiyva.
 31534 | D:15     | Reached skill level 11 in Earth Magic
 31653 | D:15     | Noticed Agnes
 31663 | D:15     | Killed Agnes
 31676 | D:15     | Found Kecawiem's Weapon Shop.
 31686 | D:15     | Found Adie's Jewellery Emporium.
 31691 | D:15     | Bought the ring of Xom's Sleight of Hands {AC+4 Str+2
                  | Int+4} for 778 gold pieces
 31733 | D:15     | Found Udarim's Magic Scroll Boutique.
 31865 | D:15     | Found a staircase to the Depths.
 32437 | Swamp:1  | Entered Level 1 of the Swamp
 32587 | Swamp:1  | Reached skill level 12 in Earth Magic
 33239 | Swamp:1  | Reached XP level 17. HP: 119/128 MP: 26/36
 33556 | Swamp:2  | Noticed Roxanne
 33578 | Swamp:2  | Killed Roxanne
 33624 | Swamp:2  | Learned a level 5 spell: Bolt of Magma
 33630 | Swamp:2  | Learned a level 5 spell: Lee's Rapid Deconstruction
 33634 | Swamp:2  | Learned a level 3 spell: Ozocubu's Armour
 33641 | Swamp:2  | Learned a level 6 spell: Statue Form
 33689 | Swamp:2  | Reached skill level 1 in Transmutations
 33696 | Swamp:2  | Reached skill level 1 in Charms
 33696 | Swamp:2  | Reached skill level 1 in Ice Magic
 33696 | Swamp:2  | Reached skill level 13 in Earth Magic
 33791 | Swamp:2  | Noticed an Executioner
 33791 | Swamp:2  | Noticed Louise
 33791 | Swamp:2  | Noticed a tentacled starspawn
 33811 | Swamp:2  | Killed Louise
 33815 | Swamp:2  | Noticed Yvvuxef's ghost (adept FoFi)
 33817 | Swamp:2  | Found a transporter.
 33870 | Swamp:2  | Found a transporter.
 33879 | Swamp:2  | Identified the +10 lajatang of the Illusory Souls {distort,
                  | +Fly rPois Int+2}
 33901 | Swamp:2  | Found a one-way gate to the infinite horrors of the Abyss.
 34383 | Swamp:2  | Reached skill level 14 in Earth Magic
 34900 | Swamp:3  | Reached skill level 15 in Earth Magic
 35702 | Swamp:3  | Found a runed translucent door.
 35703 | Swamp:3  | Noticed Quakomam's ghost (adept FoFi)
 35738 | Swamp:3  | Killed Quakomam's ghost
 36028 | Swamp:4  | Entered Level 4 of the Swamp
 36109 | Swamp:4  | Reached skill level 16 in Earth Magic
 36277 | Swamp:4  | Reached XP level 18. HP: 93/134 MP: 3/37
 36591 | Swamp:4  | Reached skill level 17 in Earth Magic
 37415 | Swamp:4  | Reached skill level 18 in Earth Magic
 37451 | Swamp:4  | Got a decaying rune of Zot
 37974 | Snake:1  | Entered Level 1 of the Snake Pit
 38050 | Snake:1  | Reached skill level 10 in Shields
 38403 | Snake:1  | Noticed Rupert
 38410 | Snake:1  | Killed Rupert
 38696 | Snake:2  | Noticed Frances
 38707 | Snake:2  | Killed Frances
 38994 | Snake:2  | Noticed Azrael
 39012 | Snake:2  | Killed Azrael
 39012 | Snake:2  | Reached skill level 5 in Transmutations
 39012 | Snake:2  | Reached XP level 19. HP: 74/140 MP: 28/38
 39150 | Snake:2  | Got a dazzling ring mail
 39182 | Snake:2  | Identified the +2 ring mail of the Everdark {Stlth+} (You
                  | found it on level 2 of the Snake Pit)
 39451 | Snake:2  | Found Sixut's Magic Scroll Boutique.
 39461 | Snake:2  | Bought a scroll of identify for 32 gold pieces
 39461 | Snake:2  | Bought a scroll of identify for 32 gold pieces
 39461 | Snake:2  | Bought a scroll of identify for 32 gold pieces
 40175 | Snake:3  | Got a shimmering battleaxe
 40438 | Snake:3  | Found Cerekied's Distillery.
 40454 | Snake:3  | Bought a potion of brilliance for 76 gold pieces
 40454 | Snake:3  | Bought a potion of heal wounds for 95 gold pieces
 40454 | Snake:3  | Bought a potion of heal wounds for 95 gold pieces
 40630 | Snake:4  | Entered Level 4 of the Snake Pit
 40666 | Snake:4  | Noticed Aizul
 40678 | Snake:4  | Killed Aizul
 40719 | Snake:4  | Noticed Nikola
 40753 | Snake:4  | Killed Nikola
 40906 | Snake:4  | Reached skill level 15 in Shields
 40936 | Snake:4  | Reached skill level 1 in Evocations
 41129 | Snake:4  | Reached XP level 20. HP: 147/147 MP: 4/39
 41326 | Snake:4  | Got a serpentine rune of Zot
 42183 | Snake:4  | Identified the +5 battleaxe "Rastafenn" {flame, +Blink rC+
                  | rN+ MR+} (You found it on level 3 of the Snake Pit)
 42443 | Vaults:1 | Entered Level 1 of the Vaults
 42630 | Vaults:1 | Reached skill level 5 in Evocations
 42639 | Vaults:1 | Reached skill level 5 in Charms
 42710 | Vaults:1 | Reached skill level 5 in Ice Magic
 44054 | Vaults:2 | Reached XP level 21. HP: 111/153 MP: 26/40
 44293 | Vaults:2 | You fall into a shaft and drop 2 floors!
 44807 | Vaults:4 | Reached skill level 10 in Evocations
 45246 | Vaults:4 | Reached skill level 15 in Necromancy
 45920 | Vaults:4 | Reached XP level 22. HP: 159/159 MP: 14/41
 46098 | Vaults:3 | Found Wenue's General Store.
 46137 | Vaults:3 | Bought a scroll of identify for 42 gold pieces
 46137 | Vaults:3 | Bought a scroll of identify for 42 gold pieces
 46137 | Vaults:3 | Bought a scroll of enchant armour for 157 gold pieces
 46200 | Vaults:3 | Found Niqin's Antique Weapon Shop.
 46229 | Vaults:3 | Bought a bloodstained spear for 280 gold pieces
 46253 | Vaults:3 | Noticed Asterion
 46299 | Vaults:4 | Learned a level 8 spell: Necromutation
 46345 | Vaults:4 | Killed Asterion
 47177 | Vaults:3 | Found Ceaxtoje's Antique Weapon Shoppe.
 47188 | Vaults:3 | Bought a dazzling short sword for 272 gold pieces
 47284 | Vaults:3 | Found Ceud's Armour Boutique.
 47543 | Vaults:3 | Identified the +6 spear of the Mind {pain, rF+ MR+ Dex-4}
                  | (You bought it in a shop on level 3 of the Vaults)
 47545 | Vaults:3 | Identified the +6 short sword of the Undead {vorpal, rN+
                  | MR+ Stlth-} (You bought it in a shop on level 3 of the
                  | Vaults)
 47735 | Vaults:2 | Noticed Mennas
 47760 | Vaults:2 | Killed Mennas
 47791 | Vaults:2 | Found a runed translucent door.
 47793 | Vaults:2 | Found a shimmering altar of Xom.
 47793 | Vaults:2 | Noticed Moagi's ghost (adept GnSk)
 48100 | Vaults:2 | Found a staircase to the Crypt.
 48571 | Vaults:2 | Killed Moagi's ghost
 48956 | D:10     | Learned a level 2 spell: Shroud of Golubria
 49144 | Crypt:1  | Entered Level 1 of the Crypt
 49374 | Elf:1    | Entered Level 1 of the Elven Halls
 49950 | Elf:1    | Identified the Grimoire of Calling
 50034 | Elf:1    | Found Woac's Antique Weapon Shoppe.
 50072 | Elf:1    | Found Faeca's Weapon Emporium.
 50074 | Elf:1    | Bought a fading quarterstaff for 243 gold pieces
 50074 | Elf:1    | Bought an ancient hunting sling for 175 gold pieces
 50083 | Elf:1    | Bought the +6 Majin-Bo {vamp, Archmagi MP+6 Int+6} for 1335
                  | gold pieces
 50083 | Elf:1    | Found the +6 Majin-Bo {vamp, Archmagi MP+6 Int+6}
 50083 | Elf:1    | Identified the cursed +1 quarterstaff of Stickiness {holy,
                  | rN++ Str+3 Dex+4} (You bought it in a shop on level 1 of
                  | the Elven Halls)
 50087 | Elf:1    | Identified the +5 hunting sling "Eliduqant" {venom, Stlth+}
                  | (You bought it in a shop on level 1 of the Elven Halls)
 50152 | Elf:1    | Reached XP level 23. HP: 165/165 MP: 22/42
 50454 | Elf:1    | Found Mipuleij's Book Emporium.
 50760 | Elf:2    | Reached skill level 10 in Transmutations
 50777 | Elf:2    | Found a huge runed translucent gate.
 50777 | Elf:2    | Found a huge runed translucent gate.
 50777 | Elf:2    | Found a huge runed translucent gate.
 50779 | Elf:2    | Found a huge runed translucent gate.
 50779 | Elf:2    | Found a huge runed translucent gate.
 51371 | Elf:3    | Entered Level 3 of the Elven Halls
 52686 | Elf:3    | Identified the Collected Works on Bewitchment and the Rocks
 52728 | Elf:3    | Got a shimmering fustibalus
 52737 | Elf:3    | Identified the +8 quick blade of Buissuw {freeze, rPois rC+
                  | SInv}
 52778 | Elf:3    | Identified the +5 fustibalus of the Pariah {speed, Str+5}
                  | (You found it on level 3 of the Elven Halls)
 53588 | Crypt:1  | Reached XP level 24. HP: 158/172 MP: 24/42
 54165 | Crypt:1  | Reached skill level 15 in Transmutations
 55096 | Crypt:3  | Entered Level 3 of the Crypt
 55273 | Crypt:3  | Noticed Bai Suzhen
 55305 | Crypt:3  | Killed Bai Suzhen
 55463 | Crypt:3  | Identified the amulet "Wiaroukk" {Regen+ Dex+2}
 55535 | Crypt:3  | Identified the ring of the Burgomaster {*Contam rF+++ rN+
                  | Dex-5 SInv}
 55562 | Crypt:3  | Noticed Frederick
 55569 | Crypt:3  | Noticed a curse toe
 55577 | Crypt:3  | Killed Frederick
 55584 | Crypt:3  | Killed a curse toe
 55584 | Crypt:3  | Reached XP level 25. HP: 30/177 MP: 13/42
 56032 | Crypt:3  | Found a staircase to the Tomb.
 56293 | Crypt:3  | Noticed an ancient lich
 56321 | Crypt:3  | Learned a level 9 spell: Shatter
 56327 | Crypt:3  | Learned a level 5 spell: Aura of Abjuration
 56466 | Crypt:3  | Killed an ancient lich
 56505 | Crypt:3  | Identified Ziops's Tome of Darkness
 56527 | Crypt:3  | Got a slimy kite shield
 56538 | Crypt:3  | Identified the +7 kite shield of the Robin {MR+} (You found
                  | it on level 3 of the Crypt)
 56593 | Crypt:3  | Got a translucent trident
 56594 | Crypt:3  | Identified the +8 trident of Blood-Lust {drain, rPois rF-
                  | Str+5 Int+4} (You found it on level 3 of the Crypt)
 56752 | Tomb:1   | Entered Level 1 of the Tomb of the Ancients
 57012 | Tomb:1   | Noticed a greater mummy
 57015 | Tomb:1   | Noticed Khufu
 57017 | Tomb:1   | Noticed a greater mummy
 57074 | Tomb:1   | Killed Khufu
 57074 | Tomb:1   | Reached skill level 19 in Earth Magic
 57082 | Tomb:1   | Killed a greater mummy
 57245 | Tomb:1   | Killed a greater mummy
 57607 | Tomb:1   | Noticed a greater mummy
 57610 | Tomb:1   | Noticed a greater mummy
 57622 | Tomb:1   | Killed a greater mummy
 57627 | Tomb:1   | Killed a greater mummy
 57629 | Tomb:1   | Reached skill level 5 in Summonings
 58246 | Tomb:1   | Noticed a greater mummy
 58266 | Tomb:1   | Killed a greater mummy
 58276 | Tomb:1   | Noticed a greater mummy
 58296 | Tomb:1   | Killed a greater mummy
 58352 | Tomb:1   | Noticed a greater mummy
 58356 | Tomb:1   | Noticed a greater mummy
 58365 | Tomb:1   | Killed a greater mummy
 58365 | Tomb:1   | Reached XP level 26. HP: 164/184 MP: 24/42
 58371 | Tomb:1   | Killed a greater mummy
 58371 | Tomb:1   | Reached skill level 20 in Earth Magic
 58394 | Tomb:1   | Noticed a greater mummy
 58404 | Tomb:1   | Killed a greater mummy
 58529 | Tomb:1   | Noticed a greater mummy
 58553 | Tomb:1   | Killed a greater mummy
 58692 | Tomb:1   | Noticed a greater mummy
 58701 | Tomb:1   | Noticed a greater mummy
 58712 | Tomb:1   | Noticed a greater mummy
 58716 | Tomb:1   | Killed a greater mummy
 58724 | Tomb:1   | Killed a greater mummy
 58746 | Tomb:1   | Killed a greater mummy
 59756 | D:1      | Reached skill level 21 in Earth Magic
 60260 | Swamp:2  | Killed Yvvuxef's ghost
 60748 | Vaults:5 | Entered Level 5 of the Vaults
 60751 | Vaults:5 | Reached skill level 22 in Earth Magic
 60885 | Vaults:5 | Identified the +7 lajatang of Dissolution {freeze, rF+ rC+}
 60887 | Vaults:5 | Noticed an ancient lich
 60888 | Vaults:5 | Reached skill level 23 in Earth Magic
 60889 | Vaults:5 | Killed an ancient lich
 60889 | Vaults:5 | Reached XP level 27. HP: 93/190 MP: 4/42
 61209 | Vaults:5 | Reached skill level 24 in Earth Magic
 61438 | Vaults:5 | Reached skill level 25 in Earth Magic
 61626 | Vaults:5 | Identified the +2 robe "Onuagi" {-Cast rElec rPois Str+9}
 61799 | Vaults:5 | Identified the +6 trident "Eka Ajelli" {vorpal, rF+ Dex+2}
 61847 | Vaults:5 | Reached skill level 26 in Earth Magic
 61894 | Vaults:5 | Identified the +6 war axe of the Last Knaves {pain, *Slow
                  | rF+ SInv}
 61895 | Vaults:5 | Identified the amulet of Sunlight {rElec rC+ Regen+ Str+2}
 61898 | Vaults:5 | Identified the +2 morningstar of Evolution {pain, rElec rF-
                  | rN++ Str+2}
 62566 | Vaults:5 | Got a translucent halberd
 62721 | Vaults:5 | Got a silver rune of Zot
 62901 | Vaults:5 | Identified the +1 halberd of the Twisting Pariah {vorpal,
                  | rF++ rC+} (You found it on level 5 of the Vaults)
 63452 | Tomb:2   | Noticed a greater mummy
 63459 | Tomb:2   | Killed a greater mummy
 63460 | Tomb:2   | Noticed a greater mummy
 63464 | Tomb:2   | Noticed a greater mummy
 63475 | Tomb:2   | Noticed a greater mummy
 63483 | Tomb:2   | Killed a greater mummy
 63488 | Tomb:2   | Killed a greater mummy
 63489 | Tomb:2   | Killed a greater mummy
 63519 | Tomb:2   | Reached skill level 27 in Earth Magic
 63564 | Tomb:2   | Learned a level 9 spell: Tornado
 64027 | Tomb:2   | Lost mutation: Your mind is acute. (Int +2) [potion of
                  | mutation]
 64027 | Tomb:2   | Lost mutation: Scrolls take you a little longer to read.
                  | [potion of mutation]
 64027 | Tomb:2   | Gained mutation: You occasionally shout uncontrollably at
                  | your foes. [potion of mutation]
 64027 | Tomb:2   | Gained mutation: You have sharp toenails. [potion of
                  | mutation]
 64027 | Tomb:2   | Gained mutation: You passively map the area around you.
                  | [potion of mutation]
 64028 | Tomb:2   | Lost mutation: You occasionally shout uncontrollably at
                  | your foes. [potion of mutation]
 64028 | Tomb:2   | Lost mutation: You have sharp toenails. [potion of
                  | mutation]
 64028 | Tomb:2   | Gained mutation: You are frail. (-10% HP) [potion of
                  | mutation]
 64028 | Tomb:2   | Gained mutation: Your body sometimes deteriorates upon
                  | taking damage. [potion of mutation]
 64028 | Tomb:2   | Gained mutation: Your muscles are strong. (Str +2) [potion
                  | of mutation]
 64042 | Tomb:2   | Bought a potion of heal wounds for 85 gold pieces
 64042 | Tomb:2   | Bought a potion of curing for 51 gold pieces
 64042 | Tomb:2   | Bought a potion of curing for 51 gold pieces
 64042 | Tomb:2   | Bought a potion of curing for 51 gold pieces
 64042 | Tomb:2   | Bought a potion of heal wounds for 85 gold pieces
 64042 | Tomb:2   | Bought a potion of curing for 51 gold pieces
 64042 | Tomb:2   | Bought a potion of curing for 51 gold pieces
 64055 | Tomb:3   | Entered Level 3 of the Tomb of the Ancients
 64110 | Tomb:3   | Noticed a greater mummy
 64111 | Tomb:3   | Noticed a greater mummy
 64132 | Tomb:3   | Noticed a greater mummy
 64135 | Tomb:3   | Killed a greater mummy
 64135 | Tomb:3   | Noticed a greater mummy
 64150 | Tomb:3   | Noticed a greater mummy
 64150 | Tomb:3   | Noticed a greater mummy
 64158 | Tomb:3   | Killed a greater mummy
 64158 | Tomb:3   | Killed a greater mummy
 64158 | Tomb:3   | Noticed a greater mummy
 64164 | Tomb:3   | Reached skill level 10 in Air Magic
 64167 | Tomb:3   | Killed a greater mummy
 64171 | Tomb:3   | Killed a greater mummy
 64178 | Tomb:3   | Killed a greater mummy
 64192 | Tomb:3   | Killed a greater mummy
 64199 | Tomb:3   | Noticed a greater mummy
 64221 | Tomb:3   | Killed a greater mummy
 64679 | Tomb:3   | Got a clouded steel ring
 64685 | Tomb:3   | Identified Loil's Grimoire of Mutagenic Weightlessness
 64792 | Tomb:3   | Got a golden rune of Zot
 65006 | Tomb:3   | Identified the ring "Peure" {rPois rF++ rN+ Str+6 Int-5}
                  | (You found it on level 3 of the Tomb of the Ancients)
 65047 | Tomb:3   | Got an ichor-stained arbalest
 65048 | Tomb:3   | Identified the +8 arbalest of Watchfulness {freeze, rF- rC+
                  | rN+ Int+3} (You found it on level 3 of the Tomb of the
                  | Ancients)
 65057 | Tomb:3   | Got an ichor-stained dire flail
 65058 | Tomb:3   | Identified the cursed +1 dire flail of Guilt {holy, Int+4}
                  | (You found it on level 3 of the Tomb of the Ancients)
 65063 | Tomb:3   | Got a translucent hand axe
 65064 | Tomb:3   | Identified the cursed +3 hand axe of Ecly {chaos, +Blink
                  | rF- MR+ Dex+5} (You found it on level 3 of the Tomb of the
                  | Ancients)
 65071 | Tomb:3   | Got a steaming trident
 65073 | Tomb:3   | Identified the cursed +1 trident of Gallantry {protect,
                  | Int+3} (You found it on level 3 of the Tomb of the
                  | Ancients)
 65080 | Tomb:3   | Got a brightly glowing crystal plate armour
 65091 | Tomb:3   | Identified the +13 crystal plate armour of Servitude {rF++
                  | MP+9 Str+2 SInv} (You found it on level 3 of the Tomb of
                  | the Ancients)
 66254 | Tomb:3   | Bought a potion of curing for 36 gold pieces
 66254 | Tomb:3   | Bought a potion of curing for 36 gold pieces
 66254 | Tomb:3   | Bought a potion of heal wounds for 60 gold pieces
 66254 | Tomb:3   | Bought a potion of magic for 96 gold pieces
 66254 | Tomb:3   | Bought a potion of brilliance for 48 gold pieces
 66258 | Tomb:3   | Bought a scroll of identify for 58 gold pieces
 66261 | Tomb:3   | Bought a pair of runed gloves for 360 gold pieces
 66289 | Zig:1    | Entered Level 1 of a ziggurat
 66331 | Zig:2    | Entered Level 2 of a ziggurat
 66347 | Zig:2    | Identified the Collected Works on Displaced Sinister
                  | Secrets
 66377 | Zig:3    | Entered Level 3 of a ziggurat
 66427 | Zig:4    | Entered Level 4 of a ziggurat
 66475 | Zig:4    | Got an ancient falchion
 66483 | Zig:5    | Entered Level 5 of a ziggurat
 66522 | Zig:5    | Got a brightly glowing arbalest
 66524 | Zig:5    | Got a warped scale mail
 66545 | Zig:6    | Entered Level 6 of a ziggurat
 66550 | Zig:6    | Noticed a greater mummy
 66557 | Zig:6    | Killed a greater mummy
 66602 | Zig:6    | Got a thick robe
 66624 | Zig:7    | Entered Level 7 of a ziggurat
 66689 | Zig:7    | Identified the +2 falchion of Guile {flame, *Noise rElec
                  | Int+5 SInv} (You found it on level 4 of a ziggurat)
 66692 | Zig:7    | Identified the cursed +2 arbalest "Reuvir" {speed, MP+9}
                  | (You found it on level 5 of a ziggurat)
 66703 | Zig:7    | Identified the +2 scale mail of Recklessness {Dex+4} (You
                  | found it on level 5 of a ziggurat)
 66713 | Zig:7    | Identified the cursed +1 robe "Xonaeh" {rElec rF- Regen+
                  | rCorr SInv} (You found it on level 6 of a ziggurat)
 66750 | Zig:8    | Entered Level 8 of a ziggurat
 66901 | Zig:9    | Entered Level 9 of a ziggurat
 66908 | Zig:9    | Noticed Ummuc the pandemonium lord
 66946 | Zig:9    | Killed Ummuc the pandemonium lord
 66946 | Zig:9    | Reached skill level 10 in Dodging
 67043 | Zig:9    | Lost mutation: Your muscles are strong. (Str +2) [potion of
                  | mutation]
 67043 | Zig:9    | Lost mutation: You passively map the area around you.
                  | [potion of mutation]
 67043 | Zig:9    | Gained mutation: Your body often deteriorates upon taking
                  | damage. [potion of mutation]
 67043 | Zig:9    | Gained mutation: Potions are less effective at restoring
                  | your health. [potion of mutation]
 67043 | Zig:9    | Gained mutation: You have sharp fingernails. [potion of
                  | mutation]
 67043 | Zig:9    | Gained mutation: You are somewhat resistant to further
                  | mutation. [potion of mutation]
 67056 | Zig:10   | Entered Level 10 of a ziggurat
 67118 | Zig:10   | Got a scorched tin ring
 67160 | Zig:11   | Entered Level 11 of a ziggurat
 67246 | Zig:11   | Noticed Peloso's ghost (legendary MiFi)
 67248 | Zig:11   | Noticed Winsalot's ghost (legendary GnFE)
 67255 | Zig:11   | HP: 4/171 [Winsalot's ghost/tornado (23)]
 67264 | Zig:11   | Killed Peloso's ghost
 67271 | Zig:11   | Killed Winsalot's ghost
 67304 | Zig:11   | Identified the ring "Lyjon" {+Fly rPois MR- Str+3 Int+4}
                  | (You found it on level 10 of a ziggurat)
 67370 | Zig:11   | Got a brightly glowing trident
 67371 | Zig:11   | Identified the +6 trident "Wamoetew" {flame, rC+ Dex+8
                  | Stlth-} (You found it on level 11 of a ziggurat)
 67376 | Zig:11   | Lost mutation: Your body often deteriorates upon taking
                  | damage. [potion of mutation]
 67376 | Zig:11   | Lost mutation: You are frail. (-10% HP) [potion of
                  | mutation]
 67376 | Zig:11   | Lost mutation: You passively map a small area around you.
                  | [potion of mutation]
 67376 | Zig:11   | Lost mutation: You are somewhat resistant to further
                  | mutation. [potion of mutation]
 67376 | Zig:11   | Gained mutation: You expend magic power (3 MP) to
                  | strengthen your wands. [potion of mutation]
 67385 | Zig:11   | Got a crude great sword
 67386 | Zig:11   | Identified the cursed +1 great sword of Ru's Esteem
                  | {freeze, rElec rPois rN+ Dex-5} (You found it on level 11
                  | of a ziggurat)
 67397 | Zig:11   | Got a scorched shortbow
 67398 | Zig:11   | Identified the +10 shortbow of Jikil {flame, *Corrode rF+++
                  | MR+ Int+2} (You found it on level 11 of a ziggurat)
 67412 | Zig:12   | Entered Level 12 of a ziggurat
 67423 | Zig:12   | Noticed DildoBatman's ghost (legendary FoWz)
 67475 | Zig:12   | Killed DildoBatman's ghost
 67573 | Zig:12   | Noticed DildoBatman's ghost (legendary FoWz)
 67585 | Zig:12   | Killed DildoBatman's ghost
 67598 | Zig:12   | Killed from afar by a shadow dragon

Illustrated notes

Levels and vault maps discovered:
D:1:      shiori_arrival_whats_in_store_for_you, layout_basic
D:2:      layout_rooms, fedhas_altar_4
D:3:      layout_basic, cheibrodos_sewer_entry_sluice,
          minmay_misc_feat_more_columns, uniq_ijyb
D:4:      layout_basic, grunt_temple_overflow_open, gup_ossuary_entry_pyramid,
          first_ration, uniq_sigmund, uniq_menkaure
D:5:      layout_loops_corners, marbit_many_paths, uniq_grinder, uniq_edmund
D:6:      layout_loops_cross, grunt_temple_overflow_opulence, minitemple,
          minmay_temple_entry_hall, nicolae_ru_path_of_blood
D:7:      layout_basic, serial_shops, shop_statue
D:8:      layout_loops_ring
D:9:      layout_rooms, orc_0_dummy, uniq_erolcha
D:10:     layout_rooms, lair_entry_dummy, serial_shops, nicolae_shop_stone,
          grunt_ogre_cave, uniq_sonja
D:11:     layout_cave_pods
D:12:     layout_rooms
D:13:     layout_roguey, grunt_vaults_entry_fortified
D:14:     layout_basic, chequers_serial_rivers_small_3
D:15:     gammafunk_enter_depths_forms, layout_basic, serial_shops, shop,
          nicolae_shop_window_shopping, shop, jiyva_altar_1, uniq_agnes
Temple:   nicolae_temple_figure_zero
Lair:1:   layout_cellular_growth, special_room [special_room_bee],
          grunt_megastairs_5
Lair:2:   layout_regular_city, nicolae_swamp_entry_splash_gauntlet,
          portal_ice_cave_entry_pillars_1
Lair:3:   layout_hall_layers, guppyfry_snake_entry_island, serial_bayou_shore_a
Lair:4:   layout_cave_pods, lemuel_oklob_altar, grunt_megastairs_4
Lair:5:   layout_hall_layers, minmay_slime_entry_jelly_boxes
Lair:6:   guppyfry_lair_end_dragon, layout_cave_pods,
          hangedman_lair_caniforms_friends
Swamp:1:  layout_basic_swamp, nicolae_swamp_round_clearing
Swamp:2:  layout_falls_marsh, gammafunk_ghost_abyssal_escape,
          infiniplex_staircase_pool_2, uniq_roxanne, uniq_louise
Swamp:3:  layout_falls_marsh, gammafunk_ghost_grave, nicolae_swamp_fairy_circle,
          statue_in_the_mist_lemuel
Swamp:4:  swamp_basic_johnstein, layout_basic_swamp
Snake:1:  layout_rooms, st_stairs_13, nicolae_snake_lava_pool, uniq_rupert
Snake:2:  layout_layer_cave, serial_shops, nicolae_shop_trees, st_stairs_14,
          drop_trap, uniq_azrael, uniq_frances
Snake:3:  layout_cave_shapes, serial_shops,
          nicolae_shop_temple_entry_statues_fountains, drop_trap,
          grunt_megastairs_2
Snake:4:  grunt_snake_rune_serpentine_throne, layout_gridlike,
          nicolae_snake_squiggles, uniq_aizul, uniq_nikola
Orc:1:    layout_diamond_mine, guppyfry_orc_lava_fort
Orc:2:    st_orc_elflike, layout_caves, bloody_makhleb
Elf:1:    layout_rooms, serial_shops, shop, minmay_elf_demonology, st_stairs_3,
          wad_floor_pattern_1, minmay_shoptagon
Elf:2:    layout_geoelf_octagon
Elf:3:    elf_hall_gauntlet_wide, layout_onion_city
Vaults:1: hangedman_vaults_locks, vaults_room_door_hall, hangedman_vaults_nails,
          vaults_standard_mumra_x, grunt_vaults_funnel, nicolae_vaults_theta,
          v_rooms_6, ontoclasm_vaults_hangar, grunt_vaults_diagonal,
          ontoclasm_vaults_shuriken, layout_vaults_big_room
Vaults:2: ebering_vaults_ghost_xom, v_pattern_1,
          minmay_crypt_entry_simple_statues, nicolae_vaults_gold_heap,
          nicolae_vaults_circle_grid_a, vaults_room_fancy_cross,
          vaults_room_corners, vaults_room_fours, layout_vaults_omnigrid,
          uniq_mennas
Vaults:3: dpeg_vaults_monster_row, ontoclasm_vaults_fault,
          nicolae_vaults_network_star, hangedman_vaults_nodes,
          ontoclasm_vaults_ring_small, nicolae_vaults_little_squares_2,
          ontoclasm_vaults_twist, nicolae_vaults_ring_of_whatevers,
          layout_vaults_omnicross, serial_shops, shop, shop,
          nicolae_shop_waterfront, nicolae_shop_temple_entry_statues_fountains,
          uniq_asterion
Vaults:4: hangedman_vaults_variations, nicolae_vaults_network_quincunx
          [nicolae_vaults_network_quincunx_subvault,
          nicolae_vaults_network_quincunx_subvault,
          nicolae_vaults_network_quincunx_subvault,
          nicolae_vaults_network_quincunx_subvault,
          nicolae_vaults_network_quincunx_subvault], nicolae_vaults_big_ls,
          hangedman_vaults_hat, v_rooms_1, nicolae_vaults_theta,
          ontoclasm_vaults_hangar, vaults_room_stairs_pillars,
          nicolae_vaults_circle_grid_a, nicolae_vaults_ring_of_whatevers,
          v_misc_2, nicolae_vaults_shelves_hall, layout_vaults_omnibox
Vaults:5
Crypt:1:  layout_gridlike, grunt_crypt_arrival_webbed, grunt_megastairs_1
Crypt:2:  layout_chaotic_city, serial_sigils_hangedman_writhe
Crypt:3:  david_glass_crypt, layout_chaotic_city, tomb_entry_pyramid_bobbens,
          uniq_frederick, uniq_bai_suzhen
Tomb:1:   uniq_khufu
Tomb:2
Tomb:3
Zig:12:   ziggurat_pillar_abc, ziggurat_pillar_abc, ziggurat_pillar_abc,
          ziggurat_pillar_abc

Skill      XL: |  1  2  3  4  5  6  7  8  9 10 11 12 13 14 15 16 17 18 19 20 21 22 23 24 25 26 27 |
---------------+----------------------------------------------------------------------------------+-----
Conjurations   | 1 2 3 4 5 6 |  6.0
Fire Magic     | 2 3 5 |  5.0
Air Magic      | 1 2 4 5 14 | 14.3
Fighting       | 1 4 6 7 8 10 | 10.0
Dodging        | 2 4 5 6 7 8 14 | 14.8
Armour         | 1 4 6 7 8 10 | 10.0
Necromancy     | 3 7 9 11 12 13 15 18 19 | 19.0
Spellcasting   | 5 7 11 14 15 | 15.0
Earth Magic    | 6 9 12 16 18 19 23 27 | 27.0
Shields        | 9 12 15 | 15.0
Transmutations | 1 5 8 9 13 18 19 | 19.0
Charms         | 1 3 6 |  6.0
Ice Magic      | 1 3 6 |  6.0
Evocations     | 3 7 11 12 | 12.0
Summonings     | 7 8 |  8.0
Stealth        | 4 |  4.0
Translocations | |  0.8

Action                   |  1- 3 |  4- 6 |  7- 9 | 10-12 | 13-15 | 16-18 | 19-21 | 22-24 | 25-27 || total
-------------------------+-------+-------+-------+-------+-------+-------+-------+-------+-------++-------
Melee: Dagger            |    37 |    63 |    49 |       |       |       |       |       |       ||   149
       Short sword       |     2 |     5 |       |       |       |       |       |       |       ||     7
       Trident           |       |     4 |    14 |       |       |       |       |       |     1 ||    19
       Spear             |       |       |    18 |       |       |       |       |       |       ||    18
       Hunting sling     |       |       |     1 |     1 |       |       |       |       |       ||     2
       Falchion          |       |       |       |    26 |   625 |   284 |   206 |    38 |       ||  1179
       Staff             |       |       |       |       |       |     7 |       |       |    10 ||    17
       Morningstar       |       |       |       |       |       |       |     5 |     4 |       ||     9
       Quarterstaff      |       |       |       |       |       |       |       |   111 |    64 ||   175
 Fire: Hunting sling     |    11 |    11 |   254 |   586 |   557 |   670 |   559 |   445 |       ||  3093
Throw: Dart              |    12 |    10 |    12 |       |       |       |       |       |       ||    34
       Stone             |       |     6 |       |       |       |     4 |       |       |       ||    10
 Cast: Magic Dart        |    82 |   105 |   110 |    47 |    12 |       |       |       |       ||   356
       Mephitic Cloud    |     1 |     7 |    27 |    62 |    30 |    12 |    12 |    17 |       ||   168
       Conjure Flame     |       |     5 |    19 |    36 |    43 |    32 |    26 |     6 |       ||   167
       Vampiric Draining |       |       |       |     4 |     1 |    15 |     3 |     7 |       ||    30
       Sublimation of Bl |       |       |       |    18 |    31 |    76 |    78 |    53 |       ||   256
       Borgnjor's Vile C |       |       |       |    48 |   167 |   314 |   340 |   367 |   270 ||  1506
       Dispel Undead     |       |       |       |       |    11 |    19 |    16 |    38 |    78 ||   162
       Statue Form       |       |       |       |       |       |     4 |    26 |     1 |       ||    31
       Ozocubu's Armour  |       |       |       |       |       |       |     3 |    31 |    25 ||    59
       Bolt of Magma     |       |       |       |       |       |       |     2 |     3 |    14 ||    19
       Necromutation     |       |       |       |       |       |       |       |    16 |    78 ||    94
       Shatter           |       |       |       |       |       |       |       |       |   123 ||   123
       Aura of Abjuratio |       |       |       |       |       |       |       |       |     7 ||     7
       Shroud of Golubri |       |       |       |       |       |       |       |       |     1 ||     1
Invok: Receive Necronomi |       |       |       |       |     1 |       |       |       |       ||     1
       Renounce Religion |       |       |       |       |     1 |       |       |       |       ||     1
       Potion Petition   |       |       |       |       |       |       |       |     2 |     9 ||    11
       Call Merchant     |       |       |       |       |       |       |       |       |     7 ||     7
 Abil: Dig               |     2 |     9 |     9 |    23 |    23 |     8 |     6 |     4 |     3 ||    87
       End Transformatio |       |       |       |       |       |       |     8 |     2 |    10 ||    20
Evoke: Wand              |       |       |       |     1 |       |       |       |       |     1 ||     2
       Lightning rod     |       |       |       |       |       |       |       |     1 |     1 ||     2
       Staff of energy   |       |       |       |       |       |       |       |    90 |   978 ||  1068
       Phial of floods   |       |       |       |       |       |       |       |       |     1 ||     1
       Figurine of a zig |       |       |       |       |       |       |       |       |     1 ||     1
  Use: Scroll            |       |     6 |       |     9 |    17 |    12 |     1 |     7 |    11 ||    63
       Potion            |       |       |     3 |     8 |     4 |     3 |     6 |     5 |     8 ||    37
 Stab: Sleeping          |     1 |       |       |       |     1 |       |       |       |       ||     2
       Confused          |       |     2 |     2 |       |    12 |       |       |     1 |       ||    17
       Distracted        |       |       |       |       |     2 |       |     1 |       |       ||     3
       Petrified         |       |       |       |       |     2 |       |       |       |       ||     2
  Eat: Chunk             |     3 |    13 |    20 |    36 |    19 |       |       |       |       ||    91
       Ration            |       |       |     1 |     1 |    14 |     9 |     7 |     8 |     7 ||    47
Armor: Robe              |    15 |     9 |    19 |    62 |       |       |       |       |       ||   105
       Troll leather arm |       |       |       |     7 |   327 |   350 |    70 |   124 |   256 ||  1134
       Skin              |       |       |       |       |       |    36 |   203 |    20 |       ||   259
Dodge: Dodged            |    51 |    53 |    96 |   195 |   679 |   451 |   290 |   193 |   224 ||  2232
Block: Kite shield       |       |       |       |       |   594 |   418 |       |       |   655 ||  1667
       Tower shield      |       |       |       |       |       |    85 |   604 |   422 |    13 ||  1124
       Rpst.: Falchion   |       |       |       |     4 |   147 |    60 |    31 |     6 |       ||   248
